 Dungeon Crawl Stone Soup version 0.31-a0-795-g5eb97db20b (webtiles) character file.

Game seed: 6975624291178999803

1747 javelincjr the Magician (level 8, -2/52 HPs)
             Began as a Demonspawn Hedge Wizard on Sept 18, 2023.
             Killed by divine providence
             ... invoked by an orc priest
              (12 damage)
             ... on level 5 of the Dungeon.
             The game lasted 00:20:16 (5373 turns).

javelincjr the Magician (Demonspawn Hedge Wizard)   Turns: 5373, Time: 00:20:17

Health: -2/52      AC: 11    Str: 10    XL:     8   Next: 78%
Magic:  16/16      EV: 13    Int: 24    God:
Gold:   266        SH:  0    Dex: 13    Spells: 13/18 levels left

rFire   . . .        r - +2 hammer (drain)
rCold   + . .        (no shield)
rNeg    + . .        u - +2 leather armour {rC+}
rPois   .            c - +0 hat
rElec   .            t - +1 cloak
rCorr   .            (no gloves)
SInv    .            e - +0 pair of boots
Will    .....        (no amulet)
Stlth   ++           f - ring of positive energy
HPRegen 0.28/turn    q - +6 ring of intelligence
MPRegen 0.15/turn

%: no passive effects
@: no status effects
A: molten scales 2, demonic guardian 1, powered by death 1, demonic touch 1
a: no special abilities


You were on level 5 of the Dungeon.
You visited 2 branches of the dungeon, and saw 6 of its levels.

You collected 266 gold pieces.

Inventory:

Hand Weapons
 p - a +2 quarterstaff of chaos
 r - a +2 hammer of draining (weapon)
Missiles
 a - a throwing net
Armour
 b - a +0 robe
 c - a +0 hat (worn)
 e - a +0 pair of boots (worn)
 t - a +1 cloak (worn)
 u - a +2 leather armour of cold resistance (worn)
 y - a +1 pair of gloves of hurling
Jewellery
 f - a ring of positive energy (left hand)
 q - a +6 ring of intelligence (right hand)
Wands
 o - a wand of flame (21)
Scrolls
 g - 4 scrolls of identify {unknown}
 l - a scroll of immolation {unknown}
 m - a scroll of brand weapon {unknown}
 s - a scroll of revelation {unknown}
 x - a scroll of noise {unknown}
 z - a scroll of poison {unknown}
 A - 3 scrolls of teleportation {unknown}
 B - a scroll of amnesia {unknown}
Potions
 d - 3 potions of magic
 h - 3 potions of mutation {unknown}
 i - 5 potions of curing {unknown}
 j - 3 potions of brilliance {unknown}
 k - 2 potions of enlightenment {unknown}
 n - a potion of ambrosia {unknown}
 v - 3 potions of might {unknown}
 w - 2 potions of cancellation {unknown}
 C - a potion of heal wounds {unknown}


   Skills:
 + Level 3.0 Armour
 + Level 4.2 Dodging
 + Level 4.4 Stealth
 * Level 5.7 Spellcasting
 + Level 4.0 Conjurations
 + Level 4.0 Summonings
 + Level 3.6 Translocations


You had 13 spell levels left.
You knew the following spells:

 Your Spells              Type           Power      Damage    Failure   Level
a - Magic Dart            Conj           100%       1d8       1%          1
b - Call Imp              Summ           52%        N/A       3%          2
c - Blink                 Tloc           48%        N/A       3%          2

Your spell library contained the following spells:

 Spells                   Type           Power      Damage    Failure   Level
 Slow                     Hex            24%        N/A       11%         1
 Cigotuvi's Dreadful Rot  Necr/Pois/Air  12%        N/A       16%         2
 Mephitic Cloud           Conj/Pois/Air  13%        N/A       19%         3
 Vhi's Electric Charge    Tloc/Air       30%        N/A       45%         4
 Arcjolt                  Conj/Air       8%         1d18      78%         5
 Maxwell's Capacitive Co  Air            3%         ∞         100%        8


Dungeon Overview and Level Annotations

Branches:
Dungeon (5/15)             Temple (1/1) D:4

Altars:
Cheibriados
Fedhas
Hepliaklqana
Kikubaaqudgha
Makhleb
Nemelex Xobeh
Okawaru
Trog
Uskayaw
Yredelemnul

Shops:
D:1 *


Innate Abilities, Weirdness & Mutations

You are mostly covered in molten scales. (AC +3)
A weak demonic guardian rushes to your aid.
You regenerate a little health from kills.
Your touch may inflict minor irresistible damage on your foes.


Message History

The orc priest invokes the aid of Beogh against you.
Beogh smites you!
You are too injured to fight recklessly!
Your cerulean imp barely misses the orc priest.
Your ufetubus misses the orc priest. Your ufetubus hits the orc priest.
The orc priest hits your ufetubus with a +0 short sword.
Your ufetubus dies!
Your ufetubus disappears in a puff of smoke!
The orc priest barely misses your cerulean imp.
There is an open door here.
Your cerulean imp misses the orc priest.
The orc priest closely misses your cerulean imp.
Your cerulean imp hits the orc priest with a -2 spear.
The orc attacks as it pursues you! The orc closely misses you.
The orc priest completely misses your cerulean imp.
Your cerulean imp hits the orc priest but does no damage.
Something closely misses your cerulean imp.
The orc priest looks braver for a moment.
You hit the orc. You drain the orc.
You kill the orc!
Your cerulean imp closely misses the orc priest.
Something barely misses your cerulean imp.
Your cerulean imp barely misses the orc priest.
You sock the orc!
You kill the orc!
Something barely misses your cerulean imp.
The orc priest mumbles some strange prayers to Beogh against you.
Beogh smites you!
* * * LOW HITPOINT WARNING * * *
Your cerulean imp hits the orc priest but does no damage.
Your cerulean imp is smitten.
Your cerulean imp hits the orc priest with a -2 spear.
Items here: )) ††.
The orc priest calls down the wrath of Beogh upon your cerulean imp.
Your cerulean imp is smitten.
Your cerulean imp dies!
Your cerulean imp disappears in a puff of smoke!
The orc priest mumbles some strange prayers to Beogh against you.
Beogh smites you!
You die...

##.#...## ##.......##
###.#.).## #.........#
........>..+.........+
##.##...####.........#
........# #....<..#
.#.##.#.# #....o# .#.#..#.#
#..§# .#.#.##.# ##o##
.#.#.##.# #@# .#.#.##.# #)#
......†.# ###.## ####.####
##....### ###.####
##.#.....# #......#
##.###..#.# #.#.##.###.##
##.#.########
#.#.........###.##.........
#......#####.#.############


You could see 2 orc priests.

Vanquished Creatures
  2 yaks (D:5)
  Menkaure (D:4)
  A black bear (D:5)
  A water moccasin zombie (D:5)
  Dowan (D:4)
  2 bullfrog zombies (D:5)
  2 hounds (D:4)
  A centaur zombie (D:5)
  Crazy Yiuf (D:2)
  An orc priest (D:4)
  A hound zombie (D:5)
  Robin (D:4)
  6 adders
  4 gnolls (D:3)
  A white imp (D:3)
  3 dart slugs
  12 orcs
  5 endoplasms
  10 goblins
  5 hobgoblins
  2 jackals (D:1)
  3 quokkas
  6 ball pythons
  5 bats
  6 frilled lizards
  2 kobolds
  5 rats
90 creatures vanquished.

Vanquished Creatures (collateral kills)
  3 yaks (D:5)
  Duvessa (D:4)
  A black bear (D:4)
  An iguana (D:5)
  A scorpion zombie (D:5)
  4 adders
  4 orcs
  2 hobgoblins
  A kobold (D:2)
18 creatures vanquished.

Grand Total: 108 creatures vanquished

Notes
Turn   | Place    | Note
-------+----------+-------------------------------------------
     0 | D:1      | javelincjr the Demonspawn Hedge Wizard began the quest for
                  | the Orb.
     0 | D:1      | Reached XP level 1. HP: 13/13 MP: 4/4
   128 | D:1      | Reached skill level 1 in Translocations
   238 | D:1      | Gained mutation: A weak demonic guardian rushes to your
                  | aid. [demonic ancestry]
   238 | D:1      | Reached XP level 2. HP: 19/19 MP: 4/6
   404 | D:1      | Found Xamok's General Store.
  1616 | D:2      | Reached XP level 3. HP: 24/24 MP: 0/7
  1851 | D:2      | Gained mutation: You are partially covered in molten
                  | scales. (AC +2) [demonic ancestry]
  1851 | D:2      | Reached XP level 4. HP: 23/30 MP: 2/9
  2225 | D:2      | Found a runed translucent door.
  2226 | D:2      | Noticed Crazy Yiuf
  2235 | D:2      | Learned a level 2 spell: Call Imp
  2255 | D:2      | Killed Crazy Yiuf
  2995 | D:3      | Gained mutation: You are mostly covered in molten scales.
                  | (AC +3) [demonic ancestry]
  2995 | D:3      | Reached XP level 5. HP: 35/35 MP: 5/10
  3721 | D:4      | Found a staircase to the Ecumenical Temple.
  3771 | Temple   | Entered the Ecumenical Temple
  3966 | D:4      | Gained mutation: You regenerate a little health from kills.
                  | [demonic ancestry]
  3966 | D:4      | Reached XP level 6. HP: 41/41 MP: 7/11
  4055 | D:4      | Noticed Menkaure
  4061 | D:4      | Learned a level 2 spell: Blink
  4079 | D:4      | Killed Menkaure
  4080 | D:4      | Reached skill level 1 in Armour
  4080 | D:4      | Reached skill level 4 in Spellcasting
  4360 | D:4      | Noticed Duvessa
  4360 | D:4      | Noticed Dowan
  4405 | D:4      | Killed Duvessa
  4406 | D:4      | Gained mutation: Your touch may inflict minor irresistible
                  | damage on your foes. [demonic ancestry]
  4406 | D:4      | Reached XP level 7. HP: 37/46 MP: 9/13
  4438 | D:4      | Killed Dowan
  4731 | D:4      | Noticed Robin
  4746 | D:4      | Killed Robin
  5009 | D:5      | Entered Level 5 of the Dungeon
  5053 | D:5      | Noticed a yak
  5053 | D:5      | Noticed a yak
  5053 | D:5      | Noticed a yak
  5053 | D:5      | Noticed a yak
  5054 | D:5      | Noticed a yak
  5064 | D:5      | Killed a yak
  5069 | D:5      | Killed a yak
  5070 | D:5      | Reached XP level 8. HP: 43/52 MP: 11/15
  5073 | D:5      | Reached skill level 5 in Spellcasting
  5198 | D:5      | Found a basalt altar of Yredelemnul.
  5373 | D:5      | Killed from afar by an orc priest

Illustrated notes

Levels and vault maps discovered:
D:1:      onia_arrival_mini_spirals, layout_basic, serial_shops,
          nicolae_shop_rolling_square
D:2:      layout_loops_cross, basic_altar, nrook_loot_triangle,
          uniq_crazy_yiuf_cottage
D:3:      layout_basic, chequers_mini_garden
D:4:      dreamdust_elfheim, layout_basic, minmay_temple_entry_overgrown,
          uniq_duvessa, uniq_robin, uniq_menkaure
D:5:      layout_loops_corners, nicolae_yredelemnul_corpse_copse
Temple:   hellmonk_temple_beads

Skill      XL: |  1  2  3  4  5  6  7  8 |
---------------+-------------------------+-----
Translocations | 1 2 3 |  3.6
Dodging        | 2 3 4 |  4.2
Stealth        | 2 3 4 |  4.4
Summonings     | 2 3 4 |  4.0
Conjurations   | 2 3 4 |  4.0
Armour         | 1 2 3 |  3.0
Spellcasting   | 4 5 |  5.7

Action                     |  1- 3 |  4- 6 |  7- 9 || total
---------------------------+-------+-------+-------++-------
  Melee: Dagger            |    28 |       |       ||    28
         Punch             |     1 |       |     1 ||     2
         Mace              |       |   103 |    82 ||   185
         Touch             |       |       |    21 ||    21
   Cast: Magic Dart        |    69 |    25 |    20 ||   114
         Call Imp          |       |    13 |    11 ||    24
   Stab: Sleeping          |       |     4 |     4 ||     8
         Distracted        |       |       |     1 ||     1
 Armour: Robe              |    26 |    29 |       ||    55
         Leather armour    |       |    32 |    71 ||   103
  Dodge: Dodged            |    26 |    70 |    82 ||   178

Table legend: (Time is in decaauts)
 A = Elapsed time spent in this place.
 B = Non-inter-level travel time spent in this place.
 C = Inter-level travel time spent in this place.
 D = Time resting spent in this place.
 E = Time spent auto-exploring this place.
 F = Levels seen in this place.
 G = Mean time per level.
                   A        B        C        D        E       F      G
               +--------+--------+--------+--------+--------+-----+--------+
         Total |   5444 |   5311 |    133 |    116 |   4293 |   6 |  907.3 |
       Dungeon |   5441 |   5308 |    133 |    116 |   4293 |   5 | 1088.2 |
        Temple |      3 |      3 |      0 |      0 |      0 |   1 |    3.0 |
               +--------+--------+--------+--------+--------+-----+--------+

Top non-repeatable levels by time:
     D:4: 1494 daAuts
     D:1: 1433 daAuts
     D:2: 1130 daAuts
     D:3: 992 daAuts
     D:5: 390 daAuts
  Temple: 3 daAuts
